 Dungeon Crawl Stone Soup version 0.30.1-11-g7821555f0a (webtiles) character file.

Game seed: 3706754533405609639

133 safid the Conjurer (level 5, 0/32 HPs)
             Began as a Gargoyle Reaver on Dec 8, 2023.
             Frozen to death by an endoplasm (2 damage)
             ... on level 4 of the Dungeon.
             The game lasted 00:03:37 (2231 turns).

safid the Conjurer (Gargoyle Reaver)                Turns: 2231, Time: 00:03:38

Health: 0/32       AC:  8    Str: 30    XL:     5   Next: 16%
Magic:  9/9        EV: 11    Int: 13    God:
Gold:   179        SH:  5    Dex: 12    Spells: 7/10 levels left

rFire   . . .        n - +6 falchion of the Dowdy God {freeze, Str+3 Dex+5 Stlth-}
rCold   + . .        (no shield)
rNeg    + . .        b - +0 leather armour
rPois   ∞            (no helmet)
rElec   +            m - +0 cloak
rCorr   +            (no gloves)
SInv    .            (no boots)
Will    .....        q - amulet of reflection Stlth
                     l - ring of resist corrosion
HPRegen 0.25/turn    i - ring of Qonerch {rC+ Str+6}
MPRegen 0.11/turn

%: reflection
@: brilliant, on berserk cooldown, attractive, slowed, invisible, very slow
A: sickness immunity, AC +4, negative energy resistance 1, electricity
resistance, torment resistance 1, petrification resistance, talons 1, strong 1
a: no special abilities


You were on level 4 of the Dungeon.
You visited 1 branch of the dungeon, and saw 4 of its levels.

You collected 179 gold pieces.

Inventory:

Hand Weapons
 a - a +0 mace
 n - the +6 falchion of the Dowdy God (weapon) {freeze, Str+3 Dex+5 Stlth-}
   (You found it on level 3 of the Dungeon)

   Str:       It affects your strength (+3).
   Dex:       It affects your dexterity (+5).
   Stlth:     It makes you less stealthy.
Armour
 b - a +0 leather armour (worn)
 m - a +0 cloak (worn)
Jewellery
 i - the ring of Qonerch (right hand) {rC+ Str+6}
   (You found it on level 2 of the Dungeon)

   [ring of strength]

   Str:       It affects your strength (+6).
   rC:        It protects you from cold.
 l - a ring of resist corrosion (left hand)
 q - an amulet of reflection (around neck)
Scrolls
 e - a scroll of vulnerability {unknown}
 f - 2 scrolls of teleportation {unknown}
 j - a scroll of identify {unknown}
 o - a scroll of poison {unknown}
 r - a scroll of immolation {unknown}


   Skills:
 + Level 3.5 Fighting
 - Level 3.4 Maces & Flails
 - Level 1.5 Dodging
 + Level 3.0 Spellcasting
 + Level 4.3 Conjurations


You had 7 spell levels left.
You knew the following spells:

 Your Spells              Type           Power      Damage    Failure   Level
a - Kiss of Death         Conj/Necr      44%        2d8       11%         1
b - Momentum Strike       Conj/Tloc      22%        3d8       16%         2

Your spell library contained the following spells:

 Spells                   Type           Power      Damage    Failure   Level
 Sandblast                Erth           4%         2d4       26%         1
 Summon Small Mammal      Summ           8%         N/A       26%         1
 Hailstorm                Conj/Ice       11%        3d5       30%         3
 Stone Arrow              Conj/Erth      22%        3d8       30%         3
 Lesser Beckoning         Tloc           4%         N/A       36%         2
 Passwall                 Tmut/Erth      1%         N/A       36%         2
 Call Canine Familiar     Summ           2%         N/A       58%         3
 Gell's Gravitas          Tloc           2%         N/A       58%         3
 Summon Guardian Golem    Hex/Summ       2%         N/A       58%         3
 Teleport Other           Tloc           2%         N/A       58%         3


Dungeon Overview and Level Annotations

Branches:
Dungeon (4/15)
 Temple: D:4-7

Altars:

Portals:
Sewer: D:4


Innate Abilities, Weirdness & Mutations

You are immune to sickness and miasma.
Your stone body is resilient. (AC +4)
You are immune to poison.
You resist negative energy. (rN+)
You are resistant to electric shocks. (rElec)
You are resistant to unholy torment.
You are immune to petrification.
You have sharp toenails.
Your muscles are strong. (Str +4, Int/Dex -1)


Message History

The adder barely misses you. x2
You hit the adder but do no damage. The adder closely misses you.
You block the adder's attack.
You slash the adder! You freeze the adder.
You kill the adder!
An orc priest comes into view. It is wielding a +0 dagger.
An endoplasm comes into view.
The endoplasm is attracted toward you. The orc is attracted toward you.
The orc priest is attracted toward you.
Unknown command.
You closely miss the orc priest.
The orc priest shouts!
You hear the slow rusting of a drain.
The endoplasm quivers.
The orc shouts!
You hear an angry hiss.
A ball python comes into view.
The orc priest hits you but does no damage.
The endoplasm freezes you.
You are frozen.
You resist.
* * * LOW HITPOINT WARNING * * *
The orc hits you but does no damage. The orc closely misses you.
The endoplasm freezes you.
You are frozen.
You resist.
* * * LOW HITPOINT WARNING * * *
The orc priest hits you but does no damage.
The ball python is attracted toward you.
It was a potion of invisibility.
You fade into invisibility!
The ball python barely misses you. The orc priest closely misses you.
The orc hits you but does no damage. The endoplasm freezes you. You resist.
* * * LOW HITPOINT WARNING * * *
The ball python closely misses you.
It was a potion of mutation.
You feel extremely strange.
Your toenails lengthen and sharpen.
You feel stronger. The orc priest barely misses you.
The orc closely misses you. The endoplasm freezes you. You resist.
You die...

.....#.<...##.......#
... #.#>..........# .
###†.........####
#.......†.......#
......~...).†......
.....##~~~~)##......
.....##~~~~~##...###
.....≈≈..J..~~..##
....[~~...@.≈~.#..
..=~~~.ooS......
...~~.....~~....
...≈~.....~~....
...##~~.~~##.... ...
#~~.~~# .#.. .......
... ........ .


You could see an orc priest (unable to see you), an orc (unable to see you), an
endoplasm and a ball python (unable to see you).

Vanquished Creatures
  An iguana (D:4)
  An orc wizard (D:4)
  2 adders
  A worm (D:4)
  2 dart slugs
  3 orcs
  4 endoplasms
  2 giant cockroaches (D:1)
  5 goblins
  2 hobgoblins (D:1)
  4 jackals (D:3)
  5 kobolds
  3 quokkas
  6 ball pythons
  5 bats
  5 frilled lizards
  3 rats
  A spectral goblin (D:1)
55 creatures vanquished.

Notes
Turn   | Place    | Note
-------+----------+-------------------------------------------
     0 | D:1      | safid the Gargoyle Reaver began the quest for the Orb.
     0 | D:1      | Reached XP level 1. HP: 12/12 MP: 3/3
    97 | D:1      | Reached XP level 2. HP: 18/18 MP: 5/5
   116 | D:1      | Found a faded altar of an unknown god.
   539 | D:1      | Reached XP level 3. HP: 19/22 MP: 6/6
  1060 | D:2      | Learned a level 2 spell: Momentum Strike
  1182 | D:2      | Identified the ring of Qonerch {rC+ Str+6}
  1747 | D:3      | Identified the +6 falchion of the Dowdy God {freeze, Str+3
                  | Dex+5 Stlth-}
  2066 | D:3      | Reached XP level 4. HP: 26/27 MP: 7/7
  2190 | D:4      | Reached skill level 4 in Conjurations
  2201 | D:4      | Found a glowing drain.
  2218 | D:4      | Reached XP level 5. HP: 4/31 MP: 7/9
  2231 | D:4      | Gained mutation: You have sharp toenails. [potion of
                  | mutation]
  2231 | D:4      | Gained mutation: Your muscles are strong. (Str +4, Int/Dex
                  | -1) [potion of mutation]
  2231 | D:4      | Frozen to death by an endoplasm

Illustrated notes

Levels and vault maps discovered:
D:1:      tarquinn_simple_flora_water_b, layout_basic,
          dreamdust_ecumenical_altar_drowned_temple
D:2:      layout_loops_ring
D:3:      layout_basic
D:4:      layout_cave_pools, cheibrodos_sewer_entry_sluice

Skill      XL: |  1  2  3  4 |
---------------+-------------+-----
Fighting       | 3 |  3.5
Conjurations   | 4 |  4.3
Spellcasting   | 3 |  3.0
Maces & Flails | |  3.4
Dodging        | |  1.5

Action                     |  1- 3 |  4- 6 || total
---------------------------+-------+-------++-------
  Melee: Mace              |    94 |       ||    94
         Falchion          |    16 |    25 ||    41
         Punch             |     1 |       ||     1
   Cast: Kiss of Death     |       |     1 ||     1
    Use: Potion            |       |     5 ||     5
 Armour: Leather armour    |    42 |    11 ||    53
  Dodge: Dodged            |    60 |    18 ||    78
  Block: Other             |     3 |     4 ||     7
